ElectroGuy, lawful female dwarven Archeologist ---- ---- |..-----|(.| |......n|..| - --- |.-----...-- ..--.--|.--- |...-- ........|...| |.|..-- .............- |.|...--- .............. ---.T.-- -..>.....|..... |..@.| ........-|.#.- --.--- ..------|.|-- --- - |.| |)| ---. |.| |... |.| -------.-- |.| ---.|.|....| --.-- --).........-----------.)^| |........................-- --.|.|.---.--------------- ------- --- ElectroGuy the Investigator Experience level: 8 Strength: 18 Dexterity: 10 Constitution: 16 Intelligence: 12 Wisdom: 12 Charisma: 11 Health: 0(69) Energy: 15(15) Def: 1 Gold: 549 Moves: 7513 Dungeon seed: Va2fWNMl9O0D0WBc Game ID: ElectroGuy_1577630083 Your Inventory: Coins $ - 549 gold pieces Weapons a - a +0 bullwhip c - a +0 dwarvish mattock (weapon in hands) W - a +0 aklys Armor e - an uncursed +0 dwarvish cloak k - an uncursed +0 elven shield m - an uncursed +0 mummy wrapping n - an uncursed +0 fedora o - an uncursed +0 orcish helm (being worn) s - an uncursed burnt +0 pair of leather gloves (being worn) Y - a cursed -1 pair of iron shoes Comestibles b - 6 uncursed food rations p - an uncursed Dragon Fruit F - 2 uncursed lembas wafers Scrolls V - an uncursed scroll of identify Spellbooks w - an uncursed spellbook of blank paper Potions P - 4 uncursed potions of water Q - an uncursed potion of oil Wands x - a wand of cancellation (0:0) Tools d - a tinning kit (0:82) f - an uncursed sack g - an uncursed oil lamp (lit) (0:337) h - an uncursed tin whistle A - an uncursed skeleton key B - an uncursed blindfold C - an uncursed pair of lenses D - an uncursed leash O - 7 blessed wax candles (0:400) X - a cursed tallow candle (0:200) Gems q - an uncursed touchstone r - 3 uncursed worthless pieces of green glass z - an uncursed worthless piece of red glass J - an uncursed topaz stone L - an uncursed worthless piece of yellowish brown glass (in quiver) Spells and supernatural/magical abilities: Name Level Category Fail Memory H - haste self 3 escape 100% 79% W - pray for help -- divine ? -- Your skills at the end: Fighting Skills Weapon Skills pick-axe [Basic] whip [Basic] Spellcasting Skills Final Attributes: You were piously aligned. You were poison resistant. You were confused. You were telepathic. You had infravision. You were stealthy. You were fast. You are dead. Vanquished creatures: a baby purple worm 3 small mimics a freezing sphere a tengu a Grey-elf a wolf a panther a giant spider a scorpion a gnome king a dwarf mummy a gold golem a chickatrice a housecat 2 apes a rope golem a soldier ant a bugbear an imp a quasit a wood nymph a water nymph 4 rock moles 2 fog clouds a shrieker 5 gnome lords 2 gnomish wizards a guardian naga hatchling 2 elf zombies a ghoul a baby crocodile a little dog 3 floating eyes 2 kittens a dwarf 2 homunculi a rothe a centipede 2 giant bats a monkey a dwarf zombie 2 werejackals 2 iguanas 5 killer bees an acid blob a gas spore 5 hobbits 5 manes a hobgoblin 6 giant rats 2 cave spiders 2 yellow molds a green mold a red mold 22 gnomes a garter snake 2 gnome zombies 8 geckos 7 jackals 2 foxes 2 kobolds 2 goblins a sewer rat 11 grid bugs 3 lichens 2 kobold zombies 9 newts 165 creatures vanquished. Voluntary challenges: You had been an atheist until turn 5920. You used a wielded weapon 270 times, starting on turn 43. You read items or engraved 33 times, starting on turn 188. You never genocided any monsters. You never polymorphed an object. You changed form 1 time, starting on turn 6178. You used no wishes. You never split a pudding. You wrote Elbereth's name 10 times, starting on turn 1385. You violated your moral code, losing 57 points of alignment, starting on turn 2864. Dungeon overview: The Dungeons of Doom: levels 1 to 4 Level 1 a sink a long staircase Level 2 a fountain Level 3 a general store Level 4 stairs to The Gnomish Mines The Gnomish Mines: levels 5 to 10 Level 5 stairs to The Dungeons of Doom Level 6 Level 7 many shops, a temple to Huhetotl, some fountains Level 8 Level 9 Level 10 <- You were here History has recorded: On T:1 you entered the Dungeons of Doom to retrieve the Amulet of Yendor! On T:411 you reached level 2 of The Dungeons of Doom. On T:412 you advanced to experience level 2. On T:857 you advanced to experience level 3. On T:1084 you reached level 3 of The Dungeons of Doom. On T:2864 you advanced to experience level 4. On T:2939 you advanced to experience level 5. On T:3009 you reached level 4 of The Dungeons of Doom. On T:3836 you reached level 1 of The Gnomish Mines. On T:4061 you advanced to experience level 6. On T:4149 you reached level 2 of The Gnomish Mines. On T:4639 you advanced to experience level 7. On T:4746 you reached level 3 of The Gnomish Mines. On T:6070 you reached level 4 of The Gnomish Mines. On T:6198 you advanced to experience level 8. On T:6527 you reached level 5 of The Gnomish Mines. On T:6596 you reached level 6 of The Gnomish Mines. Score breakdown: Gold: 549 ( 9321 points) Experience: 8 levels (14739 points) Exploration: 10 levels ( 20.00%) (12857 points) Discoveries: 27 items ( 9.28%) ( 9138 points) Valuables value: (no points given unless you survive) Artifact value: 0 ( 0 points) Variety of kills: 67 monsters ( 17.59%) (12580 points) Turncount: 7513 turns (-1956 points) Survival: died (score multiplied by 80%) Total score: 45343 Latest messages: You miss the gecko. You kill the gecko! You see here a gecko corpse. This gecko corpse tastes terrible! You finish eating the gecko corpse. The troll hits! (2x) The troll bites! You see here a leash. The troll hits! (2x) The troll bites! The emerald potion misses the troll. An uncursed emerald potion shatters! Huh, What? Where am I? The troll hits! (2x) You die... The sack is empty. The sack is empty. Final status: Goodbye ElectroGuy the Archeologist, killed by a troll... You died in The Gnomish Mines on dungeon level 10 with 45343 points, and 549 pieces of gold, after 7513 moves. You were level 8 with a maximum of 69 hit points when you died.